Orko, chaotic male orcish Wizard --------------- |..../........| #-.............| #---------+----- ## Y o # # ## ------### .....|# |..<..# |....|# |.|..| +.{..| ------ Orko the Evoker Experience level: 2 Strength: 10 Dexterity: 12 Constitution: 17 Intelligence: 16 Wisdom: 9 Charisma: 10 Health: 0(20) Energy: 16(16) Def: 3 Gold: 130 Moves: 958 Dungeon seed: YozBkxtusFlYT4Md Game ID: Orko_1571115080 Your Inventory: Boulders/Statues q - an uncursed statue of a brown mold Spellbooks l - a blessed spellbook of force bolt m - an uncursed spellbook of cure sickness Rings C - an uncursed ring of fire resistance D - an uncursed ring of searching (on left hand) E - an uncursed ring of teleport control (on right hand) Armor n - an uncursed +0 cloak of magic resistance (being worn) u - an uncursed +0 leather armor (being worn) Weapons b - a blessed +1 quarterstaff (weapon in hands) f - an uncursed +0 axe x - 8 uncursed +0 darts y - a blessed +0 javelin (in quiver) Wands B - an uncursed wand of probing (0:6) Potions g - a blessed potion of speed h - an uncursed potion of restore ability M - an uncursed potion of water Scrolls i - an uncursed scroll of confuse monster j - a blessed scroll of gold detection k - a blessed scroll of enchant weapon p - a cursed scroll of remove curse s - an uncursed scroll of enchant weapon Comestibles r - 2 uncursed lichen corpses O - an uncursed partly eaten newt corpse U - an uncursed lembas wafer Tools e - an uncursed magic marker (0:69) Coins $ - 130 gold pieces Spells and supernatural/magical abilities: Name Level Category Fail Memory a - force bolt 1 attack 0% 96% K - cure sickness 3 healing 100% 96% W - pray for help -- divine ? -- Your skills at the end: Fighting Skills Weapon Skills quarterstaff [Basic] Spellcasting Skills attack spells [Basic] enchantment spells [Basic] Final Attributes: You were piously aligned. You were poison resistant. You were magic-protected. You were hallucinating. You had automatic searching. You had infravision. You had teleport control. You are dead. Vanquished creatures: a coyote a large kobold 3 jackals a sewer rat 2 grid bugs 2 lichens 5 newts and a partridge in a pear tree 15 creatures vanquished. Voluntary challenges: You were an atheist. You used a wielded weapon 12 times, starting on turn 22. You were illiterate. You never genocided any monsters. You never polymorphed an object. You never changed form. You used no wishes. You never split a pudding. You never wrote Elbereth's name. You never violated your personal moral code. You abstained from Elbereth's help. You werepermanently hallucinating. Dungeon overview: The Dungeons of Doom: levels 1 to 5 Level 1 a fountain a long staircase Level 2 a potion shop Level 3 Level 4 a long staircase Level 5 <- You were here a fountain History has recorded: On T:1 you entered the Dungeons of Doom to retrieve the Amulet of Yendor! On T:194 you reached level 2 of The Dungeons of Doom. On T:482 you reached level 3 of The Dungeons of Doom. On T:777 you reached level 4 of The Dungeons of Doom. On T:872 you advanced to experience level 2. On T:927 you reached level 5 of The Dungeons of Doom. Score breakdown: Gold: 130 ( 7202 points) Experience: 2 levels ( 5570 points) Exploration: 5 levels ( 9.43%) ( 8320 points) Discoveries: 1 item ( 0.36%) ( 1805 points) Valuables value: (no points given unless you survive) Artifact value: 0 ( 0 points) Variety of kills: 7 monsters ( 1.84%) ( 4066 points) Turncount: 958 turns ( 0 points) Survival: died (score multiplied by 80%) Total score: 21570 Latest messages: Moving: x - 8 darts. It doesn't seem as poisonous as you thought... This large kobold corpse tastes terrible! You finish eating the large kobold corpse. There is a grave here. Something is engraved here on the headstone. You read: "Caution! This grave contains toxic waste". You see here 19 gold pieces. $ - 19 gold pieces. You see here 106 gold pieces. $ - 106 gold pieces. You take off your topaz ring. The door opens. The jabberwock bites! The yellow light bites! The smurf bites! The shocking sphere bites! The red mold bites! You die... The statue of a brown mold is empty. The statue of a brown mold is empty. Final status: Goodbye Orko the Wizard, killed by a hallucinogen-distorted kitten... You died in The Dungeons of Doom on dungeon level 5 with 21570 points, and 130 pieces of gold, after 958 moves. You were level 2 with a maximum of 20 hit points when you died.